 Dungeon Crawl Stone Soup version 0.25.0-46-gbd7b0854d2 (webtiles) character file.

Game seed: 17269291163593967001

61 DerDa the Magician (level 3, -10/24 HPs)
             Began as a Mummy Wizard on July 17, 2020.
             Mangled by a gnoll
             ... wielding a +0 halberd
              (12 damage)
             ... on level 2 of the Dungeon.
             The game lasted 00:04:21 (2482 turns).

DerDa the Magician (Mummy Wizard)                   Turns: 2482, Time: 00:04:22

Health: -10/24     AC:  2    Str: 10    XL:     3   Next: 83%
Magic:  0/9        EV: 12    Int: 18    God:
Gold:   47         SH:  0    Dex: 10    Spells: 2/12 levels left

rFire    x x .     SeeInvis .   c - +0 club
rCold    + + .     Gourm    .   (no shield)
rNeg     + + +     Faith    .   a - +0 robe
rPois    ∞         Spirit   .   b - +0 hat
rElec    .         Reflect  .   (no cloak)
rCorr    .         Harm     .   (no gloves)
MR       .....                  (no boots)
Stlth    ++........             (no amulet)
HPRegen  0.08/turn              h - ring of ice
MPRegen  0.11/turn              (no ring)

@: no status effects
A: no food or potions, fire vulnerability, cold resistance 1, negative energy
resistance 3, torment resistance, unbreathing
a: no special abilities


You were on level 2 of the Dungeon.
You were not hungry.

You visited 1 branch of the dungeon, and saw 2 of its levels.

You collected 47 gold pieces.

Inventory:

Hand Weapons
 c - a +0 club (weapon)
Missiles
 j - 7 atropa-tipped darts (quivered)
 k - 2 stones
Armour
 a - a +0 robe (worn)
 b - a +0 hat (worn)
Jewellery
 h - a ring of ice (left hand)
Wands
 i - a wand of disintegration (12)
Scrolls
 d - a scroll of teleportation {unknown}
 e - 3 scrolls of enchant armour {unknown}
 f - a scroll of enchant weapon {unknown}
 g - a scroll of remove curse {unknown}


   Skills:
 - Level 1.5 Dodging
 - Level 1.5 Stealth
 * Level 5.1 Spellcasting
 * Level 2.2 Conjurations
 - Level 0.7 Summonings
 - Level 0.7 Translocations


You had 2 spell levels left.
You knew the following spells:

 Your Spells              Type           Power        Failure   Level  Hunger
a - Magic Dart            Conj           ##..         5%          1    N/A
b - Mephitic Cloud        Conj/Pois/Air  #.......     28%         3    N/A
c - Call Imp              Summ           #.......     14%         2    N/A
d - Slow                  Hex            #.......     21%         2    N/A
q - Blink                 Tloc           N/A          14%         2    N/A

Your spell library contained the following spells:

 Spells                   Type           Power        Failure   Level  Hunger
 Conjure Flame            Conj/Fire      #.......     26%         3    N/A

Dungeon Overview and Level Annotations

Branches:
Dungeon (2/15)

Altars:
Zin

Shops:
D:2 *


Innate Abilities, Weirdness & Mutations

You do not eat or drink.
Your flesh is vulnerable to fire.
You are immune to poison.
Your flesh is cold resistant. (rC+)
You are immune to negative energy. (rN+++)
You are immune to unholy pain and torment.
You can survive without breathing.


Message History

The gnoll is severely wounded.
The gnoll closely misses you.
Casting: Magic Dart (safe; 5% risk of failure)
Confirm with . or Enter, or press ? or * to list all spells.
Aiming: Magic Dart (safe; 5% risk of failure)
Press: ? - help, Shift-Dir - straight line, f/p - gnoll
Aim: a gnoll, wielding a +0 halberd (severely wounded)
The magic dart hits the gnoll but does no damage.
The gnoll is severely wounded.
The gnoll hits you with a +0 halberd.
* * * LOW HITPOINT WARNING * * *
You barely miss the gnoll.
The gnoll is severely wounded.
The gnoll hits you with a +0 halberd.
* * * LOW HITPOINT WARNING * * *
You hit the gnoll but do no damage.
The gnoll is severely wounded.
The gnoll hits you with a +0 halberd!
Ouch! That really hurt!
You die...

#..........#....# ###
#.#####(##.# #.# #..
#.#####.##.####.###.# ##
#..........##.....#.# #.
#.#####.##.##.#.#.#.########.
#.# #.##.##.#..............
#.# #.##.##.#.#.#.########.
#.# #.##)##.....#.##. ....
#.# #....g@.......... #####
#.# #.............### #.
####.########## .).# #####


You could see a gnoll.

Vanquished Creatures
  An adder (D:2)
  2 gnolls
  A worm (D:2)
  A dart slug (D:1)
  2 leopard geckos
  3 giant cockroaches
  4 hobgoblins (D:1)
  A bat (D:2)
  A frilled lizard (D:1)
  5 goblins
  2 kobolds
  5 rats
28 creatures vanquished.

Notes
Turn   | Place    | Note
-------+----------+-------------------------------------------
     0 | D:1      | DerDa the Mummy Wizard began the quest for the Orb.
     0 | D:1      | Reached XP level 1. HP: 13/13 MP: 5/5
     2 | D:1      | Noticed a ghoul
     2 | D:1      | Noticed a centaur
     4 | D:1      | Noticed a felid
     6 | D:1      | Noticed a merfolk
     8 | D:1      | Noticed a spriggan
    10 | D:1      | Noticed a human
    10 | D:1      | Noticed a dwarf
    12 | D:1      | Noticed a halfling
    12 | D:1      | Noticed a tengu
    14 | D:1      | Noticed an elf
    14 | D:1      | Noticed a vine stalker
    16 | D:1      | Noticed a demigod
    16 | D:1      | Noticed an octopode
    18 | D:1      | Noticed an ogre
    18 | D:1      | Noticed a troll
    20 | D:1      | Noticed a demonspawn
    20 | D:1      | Noticed a draconian
    22 | D:1      | Noticed a naga
    22 | D:1      | Noticed a formicid
    24 | D:1      | Noticed a minotaur
    24 | D:1      | Noticed a gargoyle
    26 | D:1      | Noticed a vampire
   345 | D:1      | Reached skill level 1 in Conjurations
   550 | D:1      | Reached XP level 2. HP: 14/19 MP: 0/7
  1578 | D:2      | Found Zin's Purification Station.
  1579 | D:2      | Found a glowing silver altar of Zin.
  2127 | D:2      | Reached XP level 3. HP: 21/24 MP: 2/9
  2132 | D:2      | Learned a level 3 spell: Mephitic Cloud
  2135 | D:2      | Learned a level 2 spell: Call Imp
  2138 | D:2      | Learned a level 2 spell: Slow
  2141 | D:2      | Learned a level 2 spell: Blink
  2278 | D:2      | Reached skill level 5 in Spellcasting
  2482 | D:2      | Mangled by a gnoll

Illustrated notes

Levels and vault maps discovered:
D:1:      kb_arrival_jail, layout_basic, minivault_23
D:2:      layout_loops_ring, zin_purify, minmay_misc_feat_more_columns

Skill      XL: |  1  2  3 |
---------------+----------+-----
Conjurations   | 1 2 |  2.2
Spellcasting   | 5 |  5.1
Dodging        | |  1.5
Stealth        | |  1.5
Summonings     | |  0.7
Translocations | |  0.7

Action                   || total
-------------------------++-------
Melee: Unarmed           ||     3
       Club              ||    14
 Cast: Magic Dart        ||    98
Armor: Robe              ||     6
Dodge: Dodged            ||    31
